 Dungeon Crawl Stone Soup version 0.31.0-7-gf635a9b802 (webtiles) character file.

Game seed: 1720823625881982097

24880 Skeral the Brawler (level 12, 0/119 (126) HPs)
             Began as a Troll Enchanter on Jan 23, 2024.
             Was an Elder of Ru.
             Slain by a minotaur
             ... wielding a +0 mace
              (24 damage)
             ... in a Gauntlet.
             The game lasted 00:36:13 (12557 turns).

Skeral the Brawler (Troll Enchanter)               Turns: 12557, Time: 00:36:13

HP:   0/119 (126)   AC:  9    Str: 21    XL:     12   Next: 84%
MP:   12/12         EV: 16    Int: 11    God:    Ru [****..]
Gold: 391           SH:  0    Dex: 12    Spells: 13/13 levels left

rFire   . .          .
                       - Unarmed
rCold   . . .        (no shield)
rNeg    . . .        A - +0 troll leather armour
rPois   .            (helmet restricted)
rElec   .            (no cloak)
rCorr   .            (gloves unavailable)
SInv    .            (boots unavailable)
Will    .....        g - amulet of regeneration Stlth
                     O - +4 ring of protection
HPRegen 2.79/turn    E - +5 ring of evasion
MPRegen 0.13/turn

%: no teleportation
@: exhausted, hasted, drained, very quick
A: large, unfitting armour, claws 3, regeneration 1, shaggy fur 1, tough skin 1,
no stealth, hated by all, inability to train armour, no ice magic, no alchemy
magic, no translocations magic
a: Renounce Religion, Draw Out Power, Power Leap


You were in a Gauntlet.
You worshipped Ru.
Ru was greatly pleased with you.
You visited 3 branches of the dungeon, and saw 14 of its levels.
You also visited: Gauntlet.

You collected 719 gold pieces.
You spent 328 gold pieces at shops.


Innate Abilities, Weirdness & Mutations

You are too large for most types of armour.
You have claws for hands.
Your natural rate of healing is unusually fast.
You are covered in fur. (AC +1)
You have tough skin. (AC +1)
You cannot be stealthy.
You are hated by all.
You cannot train Armour skill.
You cannot study or cast Ice magic.
You cannot study or cast Alchemy magic.
You cannot study or cast Translocations magic.


   Skills:
 + Level 10.2 Fighting
 - Level 0.7 Short Blades
 - Level 6.0 Throwing
 + Level 4.6 Dodging
 - Level 16.0 Unarmed Combat
 - Level 1.2 Spellcasting
 - Level 2.0 Hexes
 - Level 1.0 Evocations


You had 13 spell levels left.
You didn't know any spells.
Your spell library contained the following spells:

 Spells                   Type           Power      Damage    Failure   Level
 Jinxbite                 Hex            10%        N/A       24%         2
 Magic Dart               Conj           0%         1d3       36%         1
 Confusing Touch          Hex            5%         N/A       43%         3
 Searing Ray              Conj           0%         2d4       50%         2
 Sublimation of Blood     Necr           0%         N/A       50%         2
 Dazzling Flash           Conj/Hex       4%         N/A       58%         3
 Passwall                 Erth           0%         N/A       73%         3
 Stone Arrow              Conj/Erth      0%         3d7       73%         3
 Swiftness                Air            0%         N/A       73%         3
 Enfeeble                 Hex            2%         N/A       100%        7
 Lehudib's Crystal Spear  Conj/Erth      0%         10d2      100%        8
 Sting                    Conj/Alch      Unusable   1d3       N/A         1
 Ensorcelled Hibernation  Hex/Ice        Unusable   N/A       N/A         2
 Tukima's Dance           Hex            Unusable   N/A       N/A         3
 Call Imp                 Summ           Unusable   N/A       N/A         2
 Mercury Vapours          Alch/Air       Unusable   N/A       N/A         2
 Animate Armour           Summ/Erth      Unusable   N/A       N/A         4
 Fulminant Prism          Conj/Alch      Unusable   3d5       N/A         4
 Olgreb's Toxic Radiance  Alch           Unusable   N/A       N/A         4
 Yara's Violent Unravell  Hex/Alch       Unusable   3d3       N/A         5
 Summon Hydra             Summ           Unusable   N/A       N/A         7

Inventory:

Missiles
 d - 6 javelins
 m - 9 boomerangs
 o - 9 throwing nets {=f!f}
 D - 4 poisoned darts (quivered)
 H - a curare-tipped dart {=f}
 I - 13 large rocks {=f}
Armour
 A - a +0 troll leather armour (worn)
   (You found it on level 8 of the Dungeon)
Jewellery
 g - an amulet of regeneration (around neck)
   (You found it on level 2 of the Dungeon)
 B - the ring of Reimbursement {rF+ rC+ rN+ Str+6}
   (You found it in a Gauntlet)

   [ring of strength]

   Str+6:     It affects your strength (+6).
   rF+:       It protects you from fire.
   rC+:       It protects you from cold.
   rN+:       It protects you from negative energy.
 C - a ring of ice
   (You found it on level 9 of the Dungeon)
 E - a +5 ring of evasion (right claw)
   (You found it on level 9 of the Dungeon)
 F - a ring of fire
   (You found it on level 7 of the Dungeon)
 G - a ring of willpower
   (You found it on level 10 of the Dungeon)
 K - an amulet of magic regeneration
   (You found it in a Gauntlet)
 M - a ring of willpower
   (You found it in a Gauntlet)
 O - a +4 ring of protection (left claw)
   (You found it on level 11 of the Dungeon)
Wands
 w - a wand of paralysis (1)
   (You found it on level 10 of the Dungeon)
 x - a wand of flame (10)
   (You found it on level 6 of the Dungeon)
 y - a wand of digging (5)
   (You found it on level 7 of the Dungeon)
 J - a wand of iceblast (12)
   (You bought it in a shop on level 11 of the Dungeon)
Scrolls
 a - 5 scrolls of vulnerability {!r!r}
 e - a scroll of blinking {!r}
 h - a scroll of fear
 i - 2 scrolls of torment {!r}
 j - a scroll of butterflies {unknown}
 k - 4 scrolls of revelation
 n - 2 scrolls of enchant weapon
 p - 3 scrolls of amnesia
 r - 2 scrolls of teleportation {@r4}
 s - 3 scrolls of immolation {!r!r}
 u - a scroll of silence {!r}
Potions
 b - 2 potions of brilliance
 c - 2 potions of invisibility
 f - 5 potions of curing {@q1}
 l - 9 potions of heal wounds {@q2}
 q - 3 potions of haste {@q3}
 t - 2 potions of enlightenment
 v - a potion of might
 z - 3 potions of attraction {!q}
 L - a potion of mutation {unknown}

Dungeon Overview and Level Annotations

Branches:
Dungeon (12/15) Zot: 26112  Temple (1/1) D:7 Zot: 5998    Lair (1/5) D:8 Zot: 5829
    Orc (0/2) D:11        Gauntlet (1/1) Zot: 5363

Altars:
Ashenzari
Cheibriados
Dithmenos
Elyvilon
Gozag
Kikubaaqudgha
Makhleb
Nemelex Xobeh
Okawaru
Qazlal
Ru
Sif Muna
Trog
Uskayaw
Vehumet
Wu Jian
Xom
Zin
The Shining One

Shops:
D:3 *   D:11 *

Annotations:
D:4 1 runed translucent door, ssalbiz's ghost, amateur MiBe
D:9 Amaemon
Lair:1 Gastronok Gauntlet 10 transporters, 9 runed translucent doors, exclusion: orange crystal statue

##..###### #..#..'.©
#..#..'.. #####..#''#+#
#≈8≈#..#..+..
##########.§§#..#..+..
####........#.8.####''#..
#....######.#.....©#..#++
#.####.H@.#.#.8.####.....
#.#....##.#.#...#..#....©
#.#.## #.#.#.8.#..######
#.### #.#.#...#≈.......
#.#.# #.#...8.#∩.......
#.#.# #.#.#...#§.......
#.#.#####.#.#.8.#..######
#.#....##.#.#...#..#..!99
#.##.#....#.#.8.####.^##.


You could see a minotaur (corona).


Message History

There is a large open translucent door here.
As you open the large door, it creaks loudly!
There is a large open translucent door here.
There is a large open translucent door here.
There is a large open translucent door here.
There is a transporter landing site here.
You open the large door.
There is a large open translucent door here.
You open the large door.
There is a large open translucent door here.
You open the large door. The balrug gestures at you. The pyre arrow hits you.
You are covered in intense liquid fire!
You shake off some of the fire as you move.
The liquid fire burns you!
There is a large open translucent door here. 😕 HP[-3]
You take 3 damage, and now have 123/126 hp.
You shake off some of the fire as you move.
The liquid fire burns you!
There is a large open translucent door here. 😕 HP[-4]
You take 4 damage, and now have 119/126 hp.
You shake off the liquid fire. 😕 HP[+3]
You regained 3 hp, and now have 122/126 hp. 😕 HP[+3]
You regained 3 hp, and now have 125/126 hp. 😎 HP[+1]
Your hp is fully restored (126).
There is a large open translucent door here.
There is a large open translucent door here.
You open the large door.
There is a large open translucent door here.
You claw the balrug!
The balrug begins to attack, but is stunned by your conviction!
You eviscerate the balrug!!!
The balrug begins to attack, but is stunned by your conviction!
You scratch the balrug. You claw the balrug!
You kill the balrug!
You see here a +0 demon whip.
There is a large open translucent door here.
K - an amulet of magic regeneration
L - a silvery potion
There is a transporter here.
M - a ring of willpower
There is a transporter here.
You enter the transporter and appear at another place.
You're wearing all the rings you can.
Remove which one? (? for menu, Esc to cancel) < or
O - a +4 ring of protection > or
B - the ring of Reimbursement {rF+ rC+ rN+ Str+6} You remove the ring of Reimbursement {rF+ rC+ rN+ Str+6}.
You feel weaker.
E - a +5 ring of evasion (right claw)
A minotaur comes into view.
It is wielding a +0 mace and quivering silver javelins.
The minotaur bellows!
You scratch the minotaur. The minotaur hits you with a +0 mace!
The minotaur misses you. 😕 HP[-10]
You take 10 damage, and now have 116/126 hp.
You barely miss the minotaur. Your claw misses the minotaur.
The minotaur hits you with a +0 mace!! The minotaur gores you. 😕 HP[-20]
You take 20 damage, and now have 96/126 hp.
You claw the minotaur! 😕 HP[+2]
You regained 2 hp, and now have 98/126 hp.
You scratch the minotaur but do no damage.
You claw the minotaur, but do no damage.
The minotaur hits you with a +0 mace!! The minotaur gores you!
* * * LOW HITPOINT WARNING * * *
😨 HP[-40]
You take 40 damage, and now have 58/126 hp.
MASSIVE DAMAGE!! (PAUSE)
Aiming: Paralyse
Press: ? - help, Shift-Dir - straight line, f - minotaur
Aim: a minotaur, wielding a +0 mace, wearing a +0 chain mail and quivering silver javelins (lightly wounded, chance to affect: 2%)
Okay, then.
Unknown command.
You scratch the minotaur but do no damage.
The minotaur hits you with a +0 mace!!
* * * LOW HITPOINT WARNING * * *
The minotaur gores you!
* * * LOW HITPOINT WARNING * * *
😱 HP[-33]
You take 33 damage, and now have 25/126 hp.
MASSIVE DAMAGE!! (PAUSE)
You are restored by drawing out deep reserves of power within.
You feel drained. The minotaur hits you with a +0 mace!!
* * * LOW HITPOINT WARNING * * *
The minotaur gores you.
* * * LOW HITPOINT WARNING * * *
You focus your inner power and illuminate the minotaur in retribution! 😱 HP[-4]
You now have 119 max hp (-7).
You feel yourself speed up. The minotaur hits you with a +0 mace!!
You die...

Skill      XL: |  1  2  3  4  5  6  7  8  9 10 11 12 |
---------------+-------------------------------------+-----
Unarmed Combat | 1 2 3 4 5 6 8 10 11 13 16 | 16.0
Fighting       | 1 2 3 4 5 6 8 9 10 | 10.2
Throwing       | 1 4 6 |  6.0
Dodging        | 4 |  4.6
Stealth        | 0 |  0.0
Evocations     | 1 |  1.0
Short Blades   | |  0.7
Spellcasting   | |  1.2
Hexes          | |  2.0

Action                     |  1- 3 |  4- 6 |  7- 9 | 10-12 || total
---------------------------+-------+-------+-------+-------++-------
  Melee: Unarmed           |    79 |   247 |   238 |   598 ||  1162
         Punch             |     1 |     1 |    17 |    43 ||    62
  Throw: Boomerang         |       |       |     3 |    11 ||    14
         Dart              |       |       |       |    15 ||    15
 Invoke: Sacrifice Love    |       |       |     1 |       ||     1
         Sacrifice Durabil |       |       |     1 |       ||     1
         Sacrifice Arcana  |       |       |       |     1 ||     1
         Draw Out Power    |       |       |       |     2 ||     2
         Reject Sacrifices |       |       |       |     1 ||     1
         Sacrifice Stealth |       |       |       |     1 ||     1
    Use: Scroll            |       |       |    11 |    10 ||    21
         Potion            |       |       |     1 |     1 ||     2
   Stab: Sleeping          |     3 |     6 |     7 |     1 ||    17
         Distracted        |       |     1 |     1 |     2 ||     4
         Paralysed         |       |     1 |       |       ||     1
         Invisible         |       |       |       |    10 ||    10
 Armour: Robe              |    52 |   199 |   139 |    19 ||   409
         Troll leather arm |       |       |       |   391 ||   391
  Dodge: Dodged            |    20 |   143 |    98 |   316 ||   577

Levels and vault maps discovered:
D:1:      nicolae_arrival_washed_ashore, layout_basic, chequers_jeans
D:2:      layout_loops_ring, uniq_natasha, uniq_jessica
D:3:      minmay_roachtagon, layout_basic, nicolae_ru_great_annihilating_truth,
          serial_shops, shop_fountains, uniq_terence
D:4:      layout_layer_cave, ebering_ghost_sewer_d
D:5:      layout_basic, mainiacjoe_overflow_large_starburst, abandoned_shop,
          serial_library_regret_index_double_sided, uniq_pikel,
          uniq_blork_the_orc
D:6:      hellmonk_crumbling_castle, layout_layer_cave, kennysheep_nondescript,
          water_boxes_lemuel, uniq_duvessa
D:7:      layout_basic, nicolae_overflows_in_rows, minmay_temple_entry_offerings
D:8:      layout_gridville, lemuel_doored_altar, david_lair_generic, uniq_joseph
D:9:      layout_stronghold, tso_oasis_becter, uniq_harold, uniq_amaemon
D:10:     layout_stronghold, lightli_orcish_oven, uniq_fannar
D:11:     minmay_evil_eye, layout_cave_pods, erik_orc_4, nicolae_shop_gadgets
D:12:     cheibrodos_ideogram_h, layout_basic,
          nicolae_concentric_dashed_squares_wild, ebering_dispersal_statue_hall,
          minmay_starry_boxes, uniq_lodul, uniq_erolcha, uniq_psyche
Temple:   nicolae_temple_two_arcs
Lair:1:   statuecave_lemuel, layout_long_grid, gauntlet_entry_generic,
          special_room [special_room_bee], minmay_hedge_maze,
          grunt_megastairs_5, uniq_gastronok, uniq_sonja
Gauntlet: gammafunk_gauntlet_branching [gammafunk_gauntlet_arena_split_x,
          nicolae_gauntlet_arena_grate_2, gammafunk_gauntlet_arena_teeth,
          gammafunk_gauntlet_arena_grid, nicolae_gauntlet_arena_x,
          gammafunk_gauntlet_arena_chambers,
          minmay_gauntlet_arena_make_your_own_arena,
          gammafunk_gauntlet_arena_split_diamond,
          dreamdust_gauntlet_exit_labyrinth]

Notes
Turn   | Place    | Note
-------+----------+-------------------------------------------
     0 | D:1      | Skeral the Troll Enchanter began the quest for the Orb.
     0 | D:1      | Reached XP level 1. HP: 16/16 MP: 1/1
     0 | D:1      | magus.rc [v1.10.3]
   107 | D:1      | Reached skill level 1 in Unarmed Combat
   117 | D:1      | Reached XP level 2. HP: 24/26 MP: 2/2
   127 | D:1      | Reached skill level 1 in Fighting
   512 | D:1      | Reached XP level 3. HP: 33/33 MP: 3/3
   833 | D:2      | Noticed Natasha
   845 | D:2      | Killed Natasha
   846 | D:2      | Reached skill level 2 in Unarmed Combat
   909 | D:2      | Reached skill level 2 in Fighting
   971 | D:2      | Noticed Natasha
   977 | D:2      | Reached XP level 4. HP: 36/42 MP: 4/4
  1193 | D:2      | Killed Natasha
  1194 | D:2      | Reached skill level 3 in Unarmed Combat
  1291 | D:2      | Noticed Natasha
  1303 | D:2      | Killed Natasha
  1304 | D:2      | Reached XP level 5. HP: 38/50 MP: 5/5
  1316 | D:2      | Noticed Jessica
  1323 | D:2      | Killed Jessica
  1544 | D:3      | Reached skill level 3 in Fighting
  1659 | D:3      | Reached skill level 4 in Unarmed Combat
  1723 | D:3      | Reached XP level 6. HP: 61/61 MP: 6/6
  1747 | D:3      | Noticed Terence
  1782 | D:3      | Killed Terence
  2011 | D:3      | Found a sacrificial altar of Ru.
  2048 | D:3      | You pick up a book of Misfortune and begin reading...
  2048 | D:3      | You add the spells Jinxbite, Yara's Violent Unravelling and
                  | Enfeeble to your library.
  2058 | D:3      | Reached skill level 4 in Fighting
  2123 | D:3      | Found Ruonayrgh's General Store.
  2128 | D:3      | Bought a potion of haste for 120 gold pieces
  2128 | D:3      | Bought a scroll of teleportation for 36 gold pieces
  2189 | D:3      | Became a worshipper of Ru the Awakened
  2289 | D:4      | Found a runed translucent door.
  2295 | D:4      | Noticed ssalbiz's ghost (amateur MiBe)
  2556 | D:4      | Reached skill level 5 in Unarmed Combat
  2556 | D:4      | Reached XP level 7. HP: 19/70 MP: 7/7
  3471 | D:5      | Entered Level 5 of the Dungeon
  3558 | D:5      | Gained mutation: You are hated by all. [Ru sacrifice]
  3558 | D:5      | Reached * piety under Ru
  3693 | D:5      | Noticed Pikel
  3699 | D:5      | Noticed Blork the orc
  3710 | D:5      | Killed Pikel
  3711 | D:5      | Reached skill level 5 in Fighting
  3711 | D:5      | Reached skill level 6 in Unarmed Combat
  3711 | D:5      | Reached XP level 8. HP: 28/83 MP: 8/8
  3728 | D:5      | Killed Blork the orc
  3729 | D:5      | Reached skill level 7 in Unarmed Combat
  3833 | D:5      | Reached skill level 6 in Fighting
  3914 | D:5      | Found a shadowy altar of Dithmenos.
  3929 | D:5      | Found an ornate altar of the Wu Jian Council.
  4636 | D:6      | Identified the +0 chain mail of Pragmatism {rC- Dex+9}
  4907 | D:6      | Reached skill level 8 in Unarmed Combat
  4926 | D:6      | Reached XP level 9. HP: 70/89 MP: 9/9
  5111 | D:6      | Noticed Duvessa
  5113 | D:6      | Noticed Dowan
  5124 | D:6      | Killed Duvessa
  5125 | D:6      | Reached skill level 7 in Fighting
  5132 | D:6      | Killed Dowan
  5215 | D:6      | Reached skill level 9 in Unarmed Combat
  5376 | D:6      | Gained mutation: You cannot train Armour skill. [Ru
                  | sacrifice]
  5376 | D:6      | Reached ** piety under Ru
  5376 | D:6      | Reached *** piety under Ru
  5826 | D:7      | Found a broken altar of Ashenzari.
  5897 | D:7      | Found a staircase to the Ecumenical Temple.
  5909 | D:7      | You pick up a book of Blood and begin reading...
  5915 | Temple   | Entered the Ecumenical Temple
  6034 | D:7      | Reached skill level 8 in Fighting
  6045 | D:7      | HP: 20/87 [wight/+0 halberd (6)]
  6116 | D:7      | Found a radiant altar of Vehumet.
  6116 | D:7      | Found a burning altar of Makhleb.
  6116 | D:7      | Found an iron altar of Okawaru.
  6116 | D:7      | Found an ancient bone altar of Kikubaaqudgha.
  6119 | D:7      | Found a shimmering altar of Xom.
  6119 | D:7      | Found a sparkling altar of Nemelex Xobeh.
  6119 | D:7      | Found a glowing silver altar of Zin.
  6196 | D:7      | Paralysed by a hornet for 2 turns
  6200 | D:7      | Reached skill level 10 in Unarmed Combat
  6369 | D:8      | Noticed Joseph
  6402 | D:8      | Reached skill level 1 in Throwing
  6402 | D:8      | Reached XP level 10. HP: 88/106 MP: 10/10
  6439 | D:8      | Found a staircase to the Lair.
  6580 | D:8      | Reached skill level 2 in Throwing
  6666 | D:8      | Found a snail-covered altar of Cheibriados.
  6764 | D:8      | You add the spells Sting, Mercury Vapours and Olgreb's
                  | Toxic Radiance to your library.
  6902 | D:8      | Killed Joseph
  7103 | D:8      | Reached skill level 9 in Fighting
  7103 | D:8      | Reached skill level 3 in Throwing
  7372 | D:9      | Noticed Harold
  7389 | D:9      | Killed Harold
  7417 | D:9      | Reached skill level 11 in Unarmed Combat
  7445 | D:9      | Reached skill level 4 in Throwing
  7498 | D:9      | Found a glowing golden altar of the Shining One.
  7535 | D:9      | Gained mutation: You cannot study or cast Ice magic. [Ru
                  | sacrifice]
  7535 | D:9      | Gained mutation: You cannot study or cast Alchemy magic.
                  | [Ru sacrifice]
  7535 | D:9      | Gained mutation: You cannot study or cast Translocations
                  | magic. [Ru sacrifice]
  7535 | D:9      | Reached **** piety under Ru
  7683 | D:9      | You pick up a book of Conjurations and begin reading...
  7683 | D:9      | You add the spells Magic Dart and Searing Ray to your
                  | library.
  7738 | D:9      | Noticed an orange demon
  7744 | D:9      | Noticed Amaemon
  8197 | D:9      | Reached XP level 11. HP: 98/117 MP: 11/11
  8661 | D:10     | Entered Level 10 of the Dungeon
  8662 | D:10     | Noticed Fannar
  8706 | D:10     | Killed Fannar
  9067 | D:10     | Reached skill level 10 in Fighting
  9354 | D:10     | Noticed a two-headed ogre
  9363 | D:10     | Killed a two-headed ogre
  9364 | D:10     | Reached skill level 12 in Unarmed Combat
  9364 | D:10     | Reached skill level 2 in Dodging
  9673 | D:11     | Reached skill level 3 in Dodging
  9853 | D:11     | Found a staircase to the Orcish Mines.
  9922 | D:11     | Reached skill level 4 in Dodging
  9996 | D:11     | Found Obeowin's Gadget Gallery.
 10003 | D:11     | Bought a wand of iceblast (6) for 172 gold pieces
 10011 | D:11     | You pick up a book of Armaments and begin reading...
 10011 | D:11     | You add the spells Stone Arrow and Lehudib's Crystal Spear
                  | to your library.
 10166 | D:11     | Reached skill level 5 in Throwing
 10817 | D:12     | Noticed a two-headed ogre
 10823 | D:12     | Noticed a purple ugly thing
 10842 | D:12     | Killed a purple ugly thing
 10842 | D:12     | Noticed Erolcha
 10843 | D:12     | Reached skill level 6 in Throwing
 10846 | D:12     | Reached skill level 13 in Unarmed Combat
 11005 | D:12     | Noticed a two-headed ogre
 11014 | D:12     | Killed a two-headed ogre
 11014 | D:12     | Noticed a tengu warrior
 11015 | D:12     | Reached XP level 12. HP: 64/126 MP: 12/12
 11020 | D:12     | Noticed a two-headed ogre
 11061 | D:12     | Noticed a boulder beetle
 11072 | D:12     | Noticed a boulder beetle
 11073 | D:12     | Killed a boulder beetle
 11105 | D:12     | Noticed a boulder beetle
 11129 | D:12     | Killed a boulder beetle
 11132 | D:12     | Killed a boulder beetle
 11133 | D:12     | Reached skill level 14 in Unarmed Combat
 11234 | D:12     | Noticed a boulder beetle
 11251 | D:12     | Killed a boulder beetle
 11403 | D:12     | Killed Erolcha
 11404 | D:12     | Reached skill level 15 in Unarmed Combat
 11486 | D:12     | You pick up a book of Burglary and begin reading...
 11486 | D:12     | You add the spells Swiftness and Passwall to your library.
 11609 | D:12     | Killed a two-headed ogre
 11719 | Lair:1   | Entered Level 1 of the Lair of Beasts
 11834 | Lair:1   | Noticed Gastronok
 11851 | Lair:1   | Gained mutation: You cannot be stealthy. [Ru sacrifice]
 11851 | Lair:1   | Reduced skill Stealth to level 0
 11874 | Lair:1   | Found a gate leading to a gauntlet.
 11902 | Gauntlet | Entered a Gauntlet
 11902 | Gauntlet | Found a transporter.
 11902 | Gauntlet | Found a transporter.
 11906 | Gauntlet | Found a transporter.
 11906 | Gauntlet | Found a transporter.
 11919 | Gauntlet | Found a transporter.
 11933 | Gauntlet | Found a transporter.
 11939 | Gauntlet | Found a large runed translucent door.
 11940 | Gauntlet | Found a large runed translucent door.
 11941 | Gauntlet | Found a large runed translucent door.
 11941 | Gauntlet | Found a large runed translucent door.
 11941 | Gauntlet | Noticed a balrug
 11942 | Gauntlet | Found a runed translucent gate.
 11942 | Gauntlet | Found a large runed translucent door.
 11942 | Gauntlet | Found a large runed translucent door.
 11942 | Gauntlet | Found a runed translucent door.
 11943 | Gauntlet | Found a transporter.
 11943 | Gauntlet | Found a runed translucent gate.
 11943 | Gauntlet | Found a transporter.
 11943 | Gauntlet | Found a large runed translucent door.
 11944 | Gauntlet | Found a large runed translucent door.
 11945 | Gauntlet | Found a runed translucent gate.
 11945 | Gauntlet | Found a runed translucent door.
 11946 | Gauntlet | Found a transporter.
 11951 | Gauntlet | Found a large runed translucent door.
 11951 | Gauntlet | Found a large runed translucent door.
 11952 | Gauntlet | Found a large runed translucent door.
 11953 | Gauntlet | Found a large runed translucent door.
 11963 | Gauntlet | Found a large runed translucent door.
 11963 | Gauntlet | Found a large runed translucent door.
 11964 | Gauntlet | Found a large runed translucent door.
 11967 | Gauntlet | Noticed a catoblepas
 11975 | Gauntlet | Found a transporter.
 11986 | Gauntlet | Found a transporter.
 12010 | Gauntlet | Found a transporter.
 12053 | Gauntlet | Found a transporter.
 12069 | Gauntlet | Found a transporter.
 12083 | Gauntlet | Found a large runed translucent door.
 12167 | Gauntlet | Found a transporter.
 12177 | Gauntlet | Noticed a quicksilver ooze
 12186 | Gauntlet | Found a transporter.
 12362 | Gauntlet | Reached skill level 16 in Unarmed Combat
 12393 | Gauntlet | Reached skill level 1 in Evocations
 12424 | Gauntlet | Identified the ring of Reimbursement {rF+ rC+ rN+ Str+6}
 12483 | Gauntlet | Killed a balrug
 12550 | Gauntlet | Noticed a minotaur
 12555 | Gauntlet | HP: 25/126 [minotaur/+0 mace (8)]
 12557 | Gauntlet | Slain by a minotaur

Vanquished Creatures
  A balrug (Gauntlet)
  Erolcha (D:12)
  Fannar (D:10)
  Harold (D:9)
  4 boulder beetles (D:12)
  3 two-headed ogres
  Pikel (D:5)
  An ugly thing (D:12)
  2 cyclopes (D:12)
  2 manticores
  A black mamba (Lair:1)
  A cane toad (Lair:1)
  2 large abominations (Gauntlet)
  3 gargoyles (D:12)
  Joseph (D:8)
  A rime drake (Lair:1)
  3 komodo dragons
  An unseen horror (D:12)
  3 trolls
  A hornet (D:7)
  2 centaur simulacra (Gauntlet)
  4 shadows
  20 yaks
  2 wraiths (D:11)
  A wyvern (D:8)
  A warg (D:11)
  2 basilisks
  4 vampire mosquitoes
  A steam dragon (D:9)
  3 water moccasins
  Duvessa (D:6)
  A black bear (D:8)
  5 orc warriors
  A sky beast (D:7)
  2 wolves (Lair:1)
  4 centaurs
  A phantom (D:5)
  A kobold brigand (D:11)
  Blork the orc (D:5)
  7 bullfrogs
  2 gnoll sergeants
  5 scorpions
  5 small abominations (Gauntlet)
  Dowan (D:6)
  10 wights
  A hornet simulacrum (Gauntlet)
  19 killer bees
  8 howler monkeys
  A jelly (D:7)
  A bombardier beetle (D:3)
  6 orc priests
  2 gnoll boudas
  3 hounds
  Jessica (D:2)
  Natasha (thrice) (D:2)
  Terence (D:3)
  3 iguanas
  16 orc wizards
  23 gnolls
  7 adders
  A shadow imp (D:4)
  4 white imps
  2 ufetubi (D:3)
  2 ribbon worms (D:2)
  3 dart slugs
  48 orcs
  6 ball pythons
  12 endoplasms
  13 giant cockroaches
  5 goblins
  9 hobgoblins
  11 kobolds
  2 quokkas
  5 bats
  4 frilled lizards
  8 rats
351 creatures vanquished.

Vanquished Creatures (others)
  An iguana (D:5)
  A gnoll (D:5)
  An orc (D:9)
3 creatures vanquished.

Grand Total: 354 creatures vanquished

Table legend:
 A = Non-vault XP
 B = Vault XP
 C = Vault XP percentage of total XP
 D = Non-vault monster count
 E = Vault monster count
 F = Vault count percentage of total count
                 A         B        C        D         E       F
            +---------+---------+-------+---------+---------+-------
      Total |   17928 |   17615 |  49.6 |     272 |      81 |  22.9
            +---------+---------+-------+---------+---------+-------
        D:1 |      43 |       0 |   0.0 |      23 |       0 |   0.0
        D:2 |     130 |      73 |  36.0 |      20 |       2 |   9.1
        D:3 |     320 |     107 |  25.1 |      41 |      15 |  26.8
        D:4 |     186 |       0 |   0.0 |      13 |       0 |   0.0
        D:5 |     637 |     747 |  54.0 |      21 |       2 |   8.7
        D:6 |    1313 |     213 |  14.0 |      18 |       2 |  10.0
        D:7 |    1665 |       0 |   0.0 |      27 |       0 |   0.0
        D:8 |    1295 |    1096 |  45.8 |      16 |       5 |  23.8
        D:9 |    2608 |     860 |  24.8 |      28 |       1 |   3.4
       D:10 |    1237 |     891 |  41.9 |       6 |       6 |  50.0
       D:11 |    4369 |    1564 |  26.4 |      40 |      21 |  34.4
       D:12 |    2202 |    8125 |  78.7 |      12 |      14 |  53.8
     Lair:1 |    1923 |     524 |  21.4 |       7 |       2 |  22.2
   Gauntlet |       0 |    3415 | 100.0 |       0 |      11 | 100.0
            +---------+---------+-------+---------+---------+-------

Skill      XL: |  1  2  3  4  5  6  7  8  9 10 11 12 |
---------------+-------------------------------------+-----
Unarmed Combat | 1 2 3 4 5 6 8 10 11 13 16 | 16.0
Fighting       | 1 2 3 4 5 6 8 9 10 | 10.2
Throwing       | 1 4 6 |  6.0
Dodging        | 4 |  4.6
Stealth        | 0 |  0.0
Evocations     | 1 |  1.0
Short Blades   | |  0.7
Spellcasting   | |  1.2
Hexes          | |  2.0

Action                     |  1- 3 |  4- 6 |  7- 9 | 10-12 || total
---------------------------+-------+-------+-------+-------++-------
  Melee: Unarmed           |    79 |   247 |   238 |   598 ||  1162
         Punch             |     1 |     1 |    17 |    43 ||    62
  Throw: Boomerang         |       |       |     3 |    11 ||    14
         Dart              |       |       |       |    15 ||    15
 Invoke: Sacrifice Love    |       |       |     1 |       ||     1
         Sacrifice Durabil |       |       |     1 |       ||     1
         Sacrifice Arcana  |       |       |       |     1 ||     1
         Draw Out Power    |       |       |       |     2 ||     2
         Reject Sacrifices |       |       |       |     1 ||     1
         Sacrifice Stealth |       |       |       |     1 ||     1
    Use: Scroll            |       |       |    11 |    10 ||    21
         Potion            |       |       |     1 |     1 ||     2
   Stab: Sleeping          |     3 |     6 |     7 |     1 ||    17
         Distracted        |       |     1 |     1 |     2 ||     4
         Paralysed         |       |     1 |       |       ||     1
         Invisible         |       |       |       |    10 ||    10
 Armour: Robe              |    52 |   199 |   139 |    19 ||   409
         Troll leather arm |       |       |       |   391 ||   391
  Dodge: Dodged            |    20 |   143 |    98 |   316 ||   577

Illustrated notes

Table legend:
 A = Kills in this place as a percentage of kills in the entire game.
 B = Kills by you in this place as a percentage of kills by you in the entire game.
 C = Kills by friends in this place as a percentage of kills by friends in the entire game.
 D = Other kills in this place as a percentage of other kills in the entire game.
 E = Experience gained in this place as a percentage of experience gained in the entire game.
 F = Experience gained in this place divided by the number of levels of this place that you have seen.
                   A       B       C       D       E      F
               +-------+-------+-------+-------+-------+----------------------
         Total | 100.0 | 100.0 |   N/A | 100.0 | 100.0 | 2369.5
       Dungeon |  94.3 |  94.3 |   N/A | 100.0 |  83.5 | 2473.4
          Lair |   2.5 |   2.6 |   N/A |   0.0 |   6.9 | 2447.0
      Gauntlet |   3.1 |   3.1 |   N/A |   0.0 |   9.6 | 3415.0
               +-------+-------+-------+-------+-------+----------------------

Table legend: (Time is in decaauts)
 A = Elapsed time spent in this place.
 B = Non-inter-level travel time spent in this place.
 C = Inter-level travel time spent in this place.
 D = Time resting spent in this place.
 E = Time spent auto-exploring this place.
 F = Levels seen in this place.
 G = Mean time per level.
                   A        B        C        D        E       F      G
               +--------+--------+--------+--------+--------+-----+--------+
         Total |  12370 |  11913 |    457 |    331 |   6912 |  15 |  824.7 |
       Dungeon |  11562 |  11105 |    457 |    267 |   6912 |  12 |  963.5 |
        Temple |      1 |      1 |      0 |      0 |      0 |   1 |    1.0 |
          Lair |    170 |    170 |      0 |     38 |      0 |   1 |  170.0 |
      Gauntlet |    635 |    635 |      0 |     26 |      0 |   1 |  635.0 |
               +--------+--------+--------+--------+--------+-----+--------+

Top non-repeatable levels by time:
     D:6: 1420 daAuts
     D:9: 1382 daAuts
    D:11: 1269 daAuts
     D:4: 1221 daAuts
     D:8: 961 daAuts
    D:10: 945 daAuts
     D:5: 892 daAuts
     D:2: 770 daAuts
     D:1: 747 daAuts
     D:3: 718 daAuts
    D:12: 705 daAuts
Gauntlet: 635 daAuts
     D:7: 528 daAuts
  Lair:1: 170 daAuts
  Temple: 1 daAuts
